 Dungeon Crawl Stone Soup version 0.17-a0-1763-g847a857 (webtiles) character file.

711 kae the Cleaver (level 7, -1/57 HPs)
             Began as a Hill Orc Fighter on Sept 5, 2015.
             Was an Initiate of Qazlal.
             Slain by Duvessa
             ... wielding a +0 short sword
              (9 damage)
             ... on level 4 of the Dungeon.
             The game lasted 00:06:27 (3101 turns).

kae the Cleaver (Hill Orc Fighter)                  Turns: 3101, Time: 00:06:28

Health: -1/57      AC:  6    Str: 19    XL:     7   Next: 68%
Magic:  7/7        EV:  7    Int:  8    God:    Qazlal [......]
Gold:   213        SH:  9    Dex: 12    Spells: 0 memorised, 6 levels left

rFire  . . .     SeeInvis .     p - +0 broad axe
rCold  . . .     Clarity  .     b - +0 scale mail
rNeg   . . .     SustAt   .     c - +0 shield
rPois  .         Gourm    .     (no helmet)
rElec  .         Spirit   .     (no cloak)
rCorr  .         Warding  .     (no gloves)
rMut   .         Stasis   .     (no boots)
MR     .....                    (no amulet)
Stlth  ..........               (no ring)
                                (no ring)

@: not resistant to hostile enchantments, extremely unstealthy
A: no striking features
a: Renounce Religion


You were on level 4 of the Dungeon.
You worshipped Qazlal.
Qazlal was noncommittal.
You were not hungry.

You visited 1 branch of the dungeon, and saw 4 of its levels.

You collected 323 gold pieces.
You spent 110 gold pieces at shops.

Inventory:

Hand weapons
 a - a +0 war axe
 p - a +0 broad axe (weapon)
Armour
 b - a +0 scale mail (worn)
 c - a +0 shield (worn)
Magical devices
 o - a wand of heal wounds (4)
 v - a wand of enslavement (15)
 x - a wand of digging (13)
Scrolls
 d - a scroll of immolation {unknown}
 h - 4 scrolls of identify {unknown}
 j - 3 scrolls of magic mapping {unknown}
 k - 2 scrolls of fog {unknown}
 l - 2 scrolls of remove curse {unknown}
 m - a scroll of blinking {unknown}
 s - 2 scrolls of random uselessness {unknown}
Potions
 i - 2 potions of brilliance
 t - 2 potions of heal wounds
 u - a potion of cancellation {unknown}
 w - 3 potions of curing
 z - a potion of magic {unknown}
 B - a potion of mutation
Comestibles
 e - 4 bread rations
 f - 2 beef jerkies
 g - 2 meat rations
 n - a slice of pizza
 q - 2 royal jellies
 r - 2 fruits
 A - a chunk of flesh


   Skills:
 - Level 3.6 Fighting
 + Level 10.9 Axes
 - Level 3.2 Armour
 - Level 3.2 Shields


You had 6 spell levels left.
You didn't know any spells.

Dungeon Overview and Level Annotations

Branches:
Dungeon (4/15)
 Temple: D:4-7

Altars:
Dithmenos
Elyvilon
Qazlal
Yredelemnul

Shops:
D:4 (![

Annotations:
D:4 Duvessa


Message History

Duvessa is moderately wounded.
Duvessa hits you but does no damage. Duvessa hits you with a short sword.
Your shield and scale mail prevent you from hitting Duvessa.
Duvessa is moderately wounded.
Duvessa hits you with a short sword!
* * * LOW HITPOINT WARNING * * *
You barely miss Duvessa.
Duvessa is moderately wounded.
Duvessa hits you with a short sword.
* * * LOW HITPOINT WARNING * * *
Duvessa hits you with a short sword.
* * * LOW HITPOINT WARNING * * *
You hit Duvessa.
Duvessa is moderately wounded.
You block Duvessa's attack. Duvessa hits you with a short sword.
* * * LOW HITPOINT WARNING * * *
You hit Duvessa.
Duvessa is heavily wounded.
Duvessa hits you with a short sword!
You die...

##### ##...## ####
##.>...###....#
#.......@e.# #####
#......)####
....#####.).....#####...
...........[............
.....##........######...
........#.......#
................#
.....###....∩...##
.....# ###.......#


You could see Duvessa (berserk).

Vanquished Creatures
  Sigmund (D:2)
  A phantom (D:4)
  A giant frog (D:4)
  Dowan (D:4)
  A giant frog skeleton (D:4)
  A hound (D:4)
  An orc priest (D:4)
  2 orc wizards (D:4)
  A centaur skeleton (D:4)
  Natasha (thrice) (D:2)
  6 adders
  A worm (D:4)
  2 giant geckos
  7 orcs
  A ball python (D:1)
  10 bats
  5 giant cockroaches
  8 goblins
  10 hobgoblins
  2 jackals (D:2)
  7 giant newts
  7 kobolds
  3 quokkas
  8 rats
90 creatures vanquished.

Notes
Turn   | Place    | Note
--------------------------------------------------------------
     0 | D:1      | kae the Hill Orc Fighter began the quest for the Orb.
     0 | D:1      | Reached XP level 1. HP: 19/19 MP: 1/1
    91 | D:1      | Reached XP level 2. HP: 26/26 MP: 2/2
   219 | D:1      | Reached skill level 4 in Axes
   460 | D:1      | Reached XP level 3. HP: 28/31 MP: 3/3
   623 | D:2      | Reached skill level 5 in Axes
   655 | D:2      | Noticed Natasha
   655 | D:2      | Noticed Sigmund
   765 | D:2      | Killed Sigmund
   765 | D:2      | Reached skill level 7 in Axes
   765 | D:2      | Reached XP level 4. HP: 20/39 MP: 4/4
   765 | D:2      | Reached XP level 5. HP: 23/45 MP: 5/5
   771 | D:2      | Killed Natasha
   771 | D:2      | Reached skill level 8 in Axes
   771 | D:2      | Reached XP level 6. HP: 13/51 MP: 6/6
  1122 | D:2      | Noticed Natasha
  1126 | D:2      | Killed Natasha
  1329 | D:2      | Found a shadowy altar of Dithmenos.
  1412 | D:2      | Noticed Natasha
  1417 | D:2      | Killed Natasha
  1716 | D:3      | Found a stormy altar of Qazlal.
  1729 | D:3      | Became a worshipper of Qazlal Stormbringer
  2365 | D:3      | Found a basalt altar of Yredelemnul.
  2365 | D:3      | Found a white marble altar of Elyvilon.
  2422 | D:4      | Reached skill level 9 in Axes
  2563 | D:4      | Reached XP level 7. HP: 46/57 MP: 7/7
  2730 | D:4      | Reached skill level 10 in Axes
  2942 | D:4      | Found Teza's Distillery.
  2943 | D:4      | Found Odunn's Weapon Shoppe.
  2959 | D:4      | Bought a potion of degeneration for 13 gold pieces
  2959 | D:4      | Bought a potion of mutation for 32 gold pieces
  2959 | D:4      | Bought a potion of heal wounds for 65 gold pieces
  3024 | D:4      | Found Qemy's Armour Shoppe.
  3074 | D:4      | Noticed Dowan
  3075 | D:4      | Noticed Duvessa
  3093 | D:4      | Killed Dowan
  3101 | D:4      | Slain by Duvessa

Vault maps used:
D:1:      scummos_arrival_hexagon
D:2:      wad_lake_hut, nicolae_overflow_hidden_temple,
          nicolae_overflow_crystal_walls, patterned_corridor, uniq_natasha,
          uniq_sigmund
D:3:      grunt_qazlal_sundering, amethyst_overflow_temple_binary,
          corexii_shack, minmay_misc_feat_rows
D:4:      serial_shops, nicolae_shop_window_shopping, nicolae_shop_waterfront,
          nicolae_shop_temple_entry_statues_fountains, shop, uniq_duvessa

Action                   |  1- 3 |  4- 6 |  7- 9 || total
-------------------------+-------+-------+-------++-------
Melee: War axe           |   104 |    49 |       ||   153
       Broad axe         |       |   106 |    77 ||   183
  Use: Potion            |     8 |       |     1 ||     9
  Eat: Chunk             |       |     6 |     2 ||     8
